 Dungeon Crawl Stone Soup version 0.20-a0-1008-g0de3dc5 (webtiles) character file.

644 winWinterter the Slasher (level 7, 0/54 HPs)
             Began as a Demonspawn Gladiator on Apr 14, 2017.
             Slain by winWinterter's ghost (1 damage)
             ... on level 5 of the Dungeon.
             The game lasted 00:09:47 (3056 turns).

winWinterter the Slasher (Demonspawn Gladiator)     Turns: 3056, Time: 00:09:47

Health: 0/54       AC:  4    Str: 13 (15) XL:     7   Next: 27%
Magic:  7/7        EV: 13    Int:  7 (9)  God:
Gold:   171        SH:  0    Dex: 15 (16) Spells: 6/6 levels left

rFire    + . .     SeeInvis .   a - +1 long sword
rCold    . . .     Gourm    .   (no shield)
rNeg     . . .     Faith    .   b - +0 leather armour
rPois    .         Spirit   .   c - +0 helmet
rElec    .         Reflect  .   (no cloak)
rCorr    .         Harm     .   (no gloves)
MR       .....                  (no boots)
Stlth    +.........             (no amulet)
Regen    0.2/turn               q - ring of wizardry
MPRegen  0.1/turn               (no ring)

@: no status effects
A: talons 2, fire resistance 1
a: no special abilities


You were on level 5 of the Dungeon.
You were not hungry.

You visited 1 branch of the dungeon, and saw 5 of its levels.

You collected 171 gold pieces.

Inventory:

Hand Weapons
 a - a +1 long sword (weapon)
Missiles
 d - 3 throwing nets (quivered)
Armour
 b - a +0 leather armour (worn)
 c - a +0 helmet (worn)
 g - the +0 plate armour of the Sun {rElec}
   (You found it on level 4 of the Dungeon)

   It insulates you from electricity.
Jewellery
 q - a ring of wizardry (left hand)
Wands
 s - a wand of scattershot (3/9)
Scrolls
 h - 4 scrolls of identify
 i - 2 scrolls of teleportation
 k - 3 scrolls of amnesia
Potions
 e - a potion of degeneration
Comestibles
 f - 5 bread rations
 l - 3 fruits
 m - a meat ration


   Skills:
 * Level 4.1 Fighting
 * Level 5.8 Long Blades
 + Level 2.0 Throwing
 + Level 2.4 Armour
 + Level 3.4 Dodging
 - Level 0.2 Stealth


You had 6 spell levels left.
You didn't know any spells.

Dungeon Overview and Level Annotations

Branches:
Dungeon (5/15)             Temple (0/1) D:4

Altars:
Elyvilon
Okawaru
Uskayaw

Annotations:
D:3 Sigmund
D:4 Edmund
D:5 winWinterter's ghost, novice DsGl


Innate Abilities, Weirdness & Mutations

You have razor-sharp toenails.
Your flesh is heat resistant. (rF+)


Message History

You closely miss winWinterter's ghost.
You claw winWinterter's ghost, but do no damage.
WinWinterter's ghost is almost destroyed.
WinWinterter's ghost closely misses you.
You riposte.
You hit winWinterter's ghost.
WinWinterter's ghost is almost destroyed.
Unknown command.
You closely miss winWinterter's ghost.
WinWinterter's ghost is almost destroyed.
WinWinterter's ghost hits you.
* * * LOW HITPOINT WARNING * * *
WinWinterter's ghost freezes you.
* * * LOW HITPOINT WARNING * * *
Unknown command.
You miss winWinterter's ghost.
WinWinterter's ghost is almost destroyed.
WinWinterter's ghost hits you.
* * * LOW HITPOINT WARNING * * *
WinWinterter's ghost freezes you.
You die... #. #.. ## >. .# ..##.## .#... .. aO.

#. #W# #.##@##
#.....#
###.#..#######
#............#
#.#.#..#####.##
#.#.#..####...###
#
#....!........##
###..###.......#
#..)..(.#...#..


You could see an ogre, a worker ant and winWinterter's ghost.

Vanquished Creatures
  The ghost of winWinterter the Slasher, an amateur DsGl (D:3)
  A centaur (D:5)
  An ogre (D:4)
  A scorpion (D:4)
  A howler monkey (D:3)
  A crimson imp (D:3)
  2 orc wizards (D:3)
  Terence (D:3)
  A worker ant (D:3)
  3 adders
  An ooze (D:4)
  2 worms (D:2)
  A dart slug (D:1)
  5 leopard geckos
  4 orcs (D:3)
  A ball python (D:3)
  2 giant cockroaches (D:1)
  9 goblins
  8 hobgoblins
  9 jackals
  6 kobolds
  10 bats
  3 frilled lizards
  A quokka skeleton (D:4)
  8 rats
83 creatures vanquished.

Vanquished Creatures (others)
  An orc (D:3)
  A quokka (D:3)
2 creatures vanquished.

Grand Total: 85 creatures vanquished

Notes
Turn   | Place    | Note
-------+----------+-------------------------------------------
     0 | D:1      | winWinterter the Demonspawn Gladiator began the quest for the Orb.
     0 | D:1      | Reached XP level 1. HP: 16/16 MP: 1/1
   133 | D:1      | Gained mutation: Your flesh is heat resistant. (rF+) [demonic ancestry]
   133 | D:1      | Reached XP level 2. HP: 22/22 MP: 2/2
   228 | D:1      | Reached skill level 3 in Long Blades
   308 | D:1      | Reached XP level 3. HP: 28/28 MP: 3/3
   841 | D:2      | Found an iron altar of Okawaru.
  1222 | D:2      | Reached skill level 1 in Armour
  1222 | D:2      | Reached XP level 4. HP: 30/34 MP: 4/4
  1495 | D:3      | Noticed winWinterter's ghost (amateur DsGl)
  1506 | D:3      | Killed winWinterter's ghost
  1506 | D:3      | Reached skill level 4 in Long Blades
  1506 | D:3      | Reached XP level 5. HP: 37/41 MP: 5/5
  1541 | D:3      | Noticed Terence
  1584 | D:3      | Gained mutation: You have sharp toenails. [demonic ancestry]
  1584 | D:3      | Reached XP level 6. HP: 28/47 MP: 6/6
  1601 | D:3      | Killed Terence
  1607 | D:3      | Noticed Sigmund
  1608 | D:3      | Reached skill level 5 in Long Blades
  1609 | D:3      | HP: 1/47 [orc/war axe (6)]
  1970 | D:3      | Found a hide-covered altar of Uskayaw.
  2045 | D:3      | Found a white marble altar of Elyvilon.
  2343 | D:4      | Got a brightly glowing plate armour
  2354 | D:4      | Identified the cursed +0 plate armour of the Sun {rElec} (You found it on level 4 of the Dungeon)
  2384 | D:4      | Gained mutation: You have razor-sharp toenails. [demonic ancestry]
  2384 | D:4      | Reached XP level 7. HP: 38/53 MP: 7/7
  2409 | D:4      | Noticed Edmund
  2870 | D:5      | Entered Level 5 of the Dungeon
  3039 | D:5      | Noticed winWinterter's ghost (novice DsGl)
  3055 | D:5      | HP: 2/54 [winWinterter's ghost (3)]
  3056 | D:5      | Slain by winWinterter's ghost

Vault maps used:
D:1:      eino_arrival_water_star
D:2:      kennysheep_okawaru_gauntlet, minmay_split_cup_small
D:3:      eat_drink_and_be_merry_uskayaw, yredelemnul_forgotten_temple_becter,
          old_standard_altar, elyvilon_altar_4, uniq_sigmund, uniq_terence
D:4:      nicolae_ru_the_path_less_chosen, nicolae_overflow_crystal_walls,
          temple_fountains, first_bread, serial_shops, shop, hex_medium,
          kennysheep_generic_room_8, uniq_crazy_yiuf_cottage, uniq_edmund,
          uniq_iyjb
D:5:      serial_shops, nicolae_shop_waterfront

Skill      XL: |  1  2  3  4  5  6  7 |
---------------+----------------------+-----
Throwing       | 2 |  2.0
Long Blades    | 3 4 5 |  5.8
Dodging        | 3 |  3.4
Armour         | 1 2 |  2.4
Fighting       | 3 4 |  4.1
Stealth        | |  0.2

Action                   |  1- 3 |  4- 6 |  7- 9 || total
-------------------------+-------+-------+-------++-------
Melee: Long sword        |    96 |   102 |    58 ||   256
       Kick              |       |    17 |    22 ||    39
  Use: Scroll            |     7 |     4 |       ||    11
       Potion            |       |     5 |     3 ||     8
 Stab: Sleeping          |     1 |     2 |       ||     3
       Invisible         |       |     1 |     3 ||     4
  Eat: Chunk             |     1 |       |       ||     1
       Fruit             |       |     2 |       ||     2
       Meat ration       |       |     1 |       ||     1
Armor: Leather armour    |    29 |    20 |     8 ||    57
Dodge: Dodged            |    90 |    76 |    41 ||   207
       Rpst.: Long sword |    33 |    25 |    13 ||    71
